Cogmind - Beta 10.2 @@@ ROGUE MODE // 2020.11.05 @ 22:30:23 // Halloween2020/ForbiddenLore Player: blelm Result: Self-destructed Performance ------------- Evolutions (2) 1000 Regions Visited (5) 1000 Robots Destroyed (61) 305 Value Destroyed (1665) 1665 Prototype IDs (2) 40 Alien Tech Used (0) 0 Bonus (54) 54 TOTAL SCORE: 4064 Bonus ------- High Alert Combat Kills 54 Cogmind --------- Core Integrity 330/550 Matter 176/300 Energy 280/280 System Corruption 9% Temperature Cool (0) Movement Core (1400) Ox27 Location -8/Materials Parts ------- > --- POWER (1) -------- Cooled Ion Engine > --- PROPULSION (3) --- Light Treads Armored Treads > --- UTILITY (5) ------ High-capacity Storage Unit High-capacity Storage Unit Light Armor Plating Light Armor Plating > --- WEAPON (2) ------- Autogun Katana > --- INVENTORY (20) --- Light Deuterium Engine Light Treads Light Treads Light Treads Large Storage Unit High-capacity Storage Unit High-capacity Matter Pod (200) Experimental Sensor Array Improved Signal Interpreter Long-range Terrain Scanner Insulated Plating Hacking Suite System Shield Heavy Assault Rifle Heavy Assault Rifle Heavy Assault Rifle Heavy Assault Rifle Heavy Assault Rifle Gauss Rifle Missile Launcher Peak State ------------ > --- POWER ------------ Cooled Ion Engine > --- PROPULSION ------- Light Treads Armored Treads Compact Wheel > --- UTILITY ---------- Improved Heat Sink High-capacity Storage Unit High-capacity Storage Unit Hardened Medium Armor Plating Improved Light Armor Plating > --- WEAPON ----------- Autogun Katana > --- INVENTORY -------- Light Deuterium Engine Light Treads Light Treads Light Treads Large Storage Unit Large Storage Unit High-capacity Storage Unit High-capacity Matter Pod Experimental Sensor Array Long-range Terrain Scanner Light Armor Plating Light Armor Plating Hacking Suite System Shield Heavy Assault Rifle Heavy Assault Rifle Heavy Assault Rifle Heavy Assault Rifle Heavy Assault Rifle Missile Launcher [Rating: 28] Favorites ----------- Power Light Nuclear Core Engine Ion Engine Power Core Light Nuclear Core Propulsion Light Treads Treads Light Treads Leg Aluminum Leg Wheel Compact Wheel Utility High-capacity Storage Unit Device Improved Heat Sink Storage High-capacity Storage Unit Protection Improved Light Armor Plating Weapon Heavy Assault Rifle Energy Gun Medium Laser Energy Cannon Beam Cannon Ballistic Gun Heavy Assault Rifle Launcher Grenade Launcher Slashing Weapon Katana Build | -11 -10 -10 -10 -9 -8 ------- Run | Scr Mat Min Exi Min Mat Slots Evolved 4 | . . . . . 4 Power . | . . . . . . Propulsion 1 | . . . . . 1 Utility 3 | . . . . . 3 Weapon . | . . . . . . Parts Attached 49 | 4 7 2 . 6 30 Power 5 | . . 1 . . 4 Engine 3 | . . . . . 3 Core 2 | . . 1 . . 1 Reactor . | . . . . . . Propulsion 11 | 2 . . . 2 7 Treads 7 | 1 . . . 1 5 Leg . | . . . . . . Wheel 4 | 1 . . . 1 2 Hover . | . . . . . . Flight . | . . . . . . Utility 11 | 1 4 . . . 6 Device 1 | . . . . . 1 Storage 5 | 1 4 . . . . Processor . | . . . . . . Hackware . | . . . . . . Protection 5 | . . . . . 5 Artifact . | . . . . . . Weapon 22 | 1 3 1 . 4 13 Energy Gun 1 | 1 . . . . . Energy Cannon 1 | . 1 . . . . Ballistic Gun 12 | . 2 . . 2 8 Ballistic Cannon . | . . . . . . Launcher 6 | . . 1 . 2 3 Special Weapon . | . . . . . . Impact Weapon . | . . . . . . Slashing Weapon 2 | . . . . . 2 Piercing Weapon . | . . . . . . Special Melee Weapon . | . . . . . . Unidentified Prototypes 1 | . . . . . 1 Parts Lost 12 | . . . . 1 11 Power 3 | . . . . . 3 Propulsion 4 | . . . . 1 3 Utility 3 | . . . . . 3 Weapon 2 | . . . . . 2 Highest Loss Streak 3 | . . . . 1 3 Average Slot Usage (%) 96 | . 99 100 100 99 92 Engine 5 | . 14 3 . . 4 Core 6 | . . 10 14 14 3 Treads 15 | . 14 14 14 13 17 Wheel 12 | . 14 14 14 14 9 Device 3 | . . . . . 8 Storage 23 | . 28 28 28 28 18 Protection 5 | . . . . . 11 Energy Cannon 1 | . 6 . . . . Ballistic Gun 18 | . 21 21 14 20 17 Launcher 3 | . . 6 14 7 . Naked Turns . | . . . . . . Heaviest Build 90 | 17 75 75 75 75 90 Greatest Support 32 | 16 16 16 16 16 32 Greatest Overweight (x) 5 | 4 4 4 4 4 5 Average Overweight (x) 3 | 1 2 4 4 4 4 Largest Inventory Capacity 20 | 8 20 20 20 20 20 Average Capacity 19 | 6 17 20 20 20 20 Most Carried 20 | 6 16 17 17 18 20 Average Carried 16 | 4 10 16 16 16 18 Final Capacity 20 | 8 20 20 20 20 20 Final Carried 20 | 4 16 16 17 17 20 Class Distribution -------------------- 87% | Hauler-Mutant 12% | Mutant Dominant Class ---------------- Mutant | -10/Materials Hauler-Mutant | -10/Mines Hauler-Mutant | -10/Exiles Hauler-Mutant | -9/Mines Hauler-Mutant | -8/Materials Resources | -11 -10 -10 -10 -9 -8 ----------- Run | Scr Mat Min Exi Min Mat Matter Collected 1975 | 236 322 52 36 234 1095 Remotely . | . . . . . . Salvage Created 2108 | 87 162 101 . 188 1570 Parts 133 | 1 9 10 . 15 98 Haulers Intercepted 5 | . 1 . . . 4 Recyclers Shooed 3 | . . 1 . 1 1 Parts Field Recycled . | . . . . . . Retrieved Matter . | . . . . . . Parts Self-Destructed . | . . . . . . Prevented . | . . . . . . Kills | -11 -10 -10 -10 -9 -8 ------- Run | Scr Mat Min Exi Min Mat Combat Hostiles Destroyed 44 | . 2 5 . 8 29 Guns 24 | . 1 2 . 2 19 Cannons 1 | . 1 . . . . AOE 19 | . . 3 . 6 10 Classes Destroyed 13 | 1 2 1 . 3 6 Worker 4 | . . . . . 4 Builder 3 | . . . . . 3 Tunneler 1 | . . . . 1 . Hauler 5 | . 1 . . . 4 Recycler 3 | 1 . . . 1 1 Operator 1 | . . . . . 1 Watcher 2 | . . . . . 2 Swarmer 13 | . . 3 . 3 7 Grunt 19 | . 2 2 . 2 13 Brawler 1 | . . . . 1 . Sentry 5 | . . . . . 5 Hunter 4 | . . . . . 4 Assembled 2 | . . . . 2 . Best Kill Streak 7 | 1 2 3 . 3 7 Combat Bots Only 5 | . 2 3 . 3 5 Max Kills in Single Turn 3 | 1 1 3 . 2 3 Gunslinging 1 | . . . . 1 . Exploded 3 | . . 3 . 2 2 Melee . | . . . . . . Uniques/NPCs Destroyed . | . . . . . . Combat | -11 -10 -10 -10 -9 -8 -------- Run | Scr Mat Min Exi Min Mat Damage Taken 2808 | . 141 164 . 249 2254 Core 307 | . 24 40 . 23 220 Absorbed by Shields . | . . . . . . Core Remaining (%) 82 | 100 . . . 65 . Volleys Fired 190 | 2 14 10 . 26 138 Largest 2 | 2 2 2 . 2 2 Hottest 80 | 70 80 46 . 46 46 Shots Fired 340 | 4 23 18 . 34 261 Gun 303 | 4 14 16 . 23 246 Cannon 9 | . 9 . . . . Launcher 28 | . . 2 . 11 15 Special . | . . . . . . Kinetic 301 | 2 14 16 . 23 246 Thermal 11 | 2 9 . . . . Explosive 28 | . . 2 . 11 15 Electromagnetic . | . . . . . . Robot Hit Streak 20 | 4 5 10 . 11 20 Robot Miss Streak 3 | . 2 3 . 3 3 Penetration Max . | . . . . . . Secondary Targets 3 | . . 1 . 1 1 Max Gunslinging Chain 1 | . . 1 . 1 1 Shots Hit Robots 233 | 4 15 14 . 22 178 Core Hits 115 | 2 4 7 . 16 86 Critical Hits 4 | . 1 . . . 3 Critical Kills 1 | . 1 . . . . Critical Parts Destroyed 2 | . . . . . 2 Melee Attacks 6 | . . . . . 6 Impact . | . . . . . . Slashing 6 | . . . . . 6 Piercing . | . . . . . . Sneak Attacks . | . . . . . . Combat Hostiles . | . . . . . . Follow-up Attacks . | . . . . . . Damage Inflicted 4768 | 50 189 334 . 725 3470 Guns 3057 | 50 101 196 . 218 2492 Cannons 88 | . 88 . . . . Explosions 1560 | . . 138 . 507 915 Melee 63 | . . . . . 63 Ramming . | . . . . . . Kinetic 3032 | 25 101 196 . 218 2492 Thermal 113 | 25 88 . . . . Explosive 1560 | . . 138 . 507 915 Electromagnetic . | . . . . . . Impact . | . . . . . . Slashing 63 | . . . . . 63 Piercing . | . . . . . . Highest Corruption . | . . . . . . Average Corruption . | . . . . . . Corruption Purged . | . . . . . . Overload Shots . | . . . . . . Overflow Damage 85 | . . . . 17 68 Projectiles . | . . . . . . Explosions 67 | . . . . 17 50 Melee 18 | . . . . . 18 Knockbacks . | . . . . . . Impact . | . . . . . . Kinetic . | . . . . . . Secondary . | . . . . . . Self-Inflicted Damage 150 | . . 28 . 79 43 Shots 6 | . . 1 . 3 2 Rammed . | . . . . . . Targets Rammed . | . . . . . . Kicked . | . . . . . . Crushed . | . . . . . . Highest Temperature 163 | 18 163 5 . 3 6 Average Temperature 53 | 10 73 3 . 3 6 Received Heat Transfer 585 | . 57 63 . 6 459 Siege Activations . | . . . . . . Robots Corrupted . | . . . . . . Combat Hostiles . | . . . . . . Parts Fried . | . . . . . . Impact Corruptions . | . . . . . . Robots Melted . | . . . . . . Combat Hostiles . | . . . . . . Parts Melted . | . . . . . . Heat Transferred 259 | 74 185 . . . . Parts Sabotaged . | . . . . . . Parts Stolen . | . . . . . . Parts Stripped . | . . . . . . Power Chain Reactions . | . . . . . . Missiles Intercepted . | . . . . . . Alert | -11 -10 -10 -10 -9 -8 ------- Run | Scr Mat Min Exi Min Mat Peak Influence 565 | 5 74 128 . 230 565 Initial 8 | . 3 8 . . . Average 119 | 2 32 80 . 48 206 Maximum Alert Level 2 | . . . . 1 2 Low Security (%) 80 | 100 100 100 . 94 60 Level 1 14 | . . . . 5 28 Level 2 4 | . . . . . 10 Level 3 . | . . . . . . Level 4 . | . . . . . . Level 5 . | . . . . . . High Security . | . . . . . . Max Security . | . . . . . . Squads Dispatched 8 | . . . . . 8 Investigation 1 | . . . . . 1 Extermination . | . . . . . . Reinforcement 6 | . . . . . 6 Assault . | . . . . . . Garrison 1 | . . . . . 1 Intercept . | . . . . . . Construction Impeded 2 | . . . . . 2 Haulers Reinforced . | . . . . . . Stealth | -11 -10 -10 -10 -9 -8 --------- Run | Scr Mat Min Exi Min Mat Distress Signals 4 | . 2 . . . 2 Communications Jammed . | . . . . . . Distress Signals . | . . . . . . Times Spotted 77 | . 5 5 . 11 56 Peak Tracking Total 6 | . 4 3 . 3 6 Tactical Retreats 7 | . 1 . . 1 5 Traps | -11 -10 -10 -10 -9 -8 ------- Run | Scr Mat Min Exi Min Mat Traps Triggered 1 | . 1 . . . . Indirectly . | . . . . . . Trap Hack Attempts . | . . . . . . Triggered . | . . . . . . Disarmed . | . . . . . . Reprogrammed . | . . . . . . Reused . | . . . . . . Traps Extracted . | . . . . . . Installed . | . . . . . . Triggered . | . . . . . . Machines | -11 -10 -10 -10 -9 -8 ---------- Run | Scr Mat Min Exi Min Mat Machines Disabled 9 | . . . . 5 4 Max in Single Turn 4 | . . . . 4 1 Machines Sabotaged . | . . . . . . Garrisons Compromised . | . . . . . . Overloaded Fab Kills . | . . . . . . Fab Network Shutdowns . | . . . . . . Hacking | -11 -10 -10 -10 -9 -8 --------- Run | Scr Mat Min Exi Min Mat Machines Accessed 13 | . 7 . 1 . 5 Terminals 11 | . 7 . . . 4 Fabricators . | . . . . . . Repair Stations . | . . . . . . Recycling Units . | . . . . . . Scanalyzers 1 | . . . . . 1 Garrison Access . | . . . . . . Total Hacks 36 | . 18 . 1 . 17 Successful 19 | . 8 . 1 . 10 Failed 17 | . 10 . . . 7 Catastrophic 3 | . 2 . . . 1 Database Lockouts . | . . . . . . Manual 20 | . 12 . . . 8 Terminals 28 | . 18 . . . 10 Fabricators . | . . . . . . Repair Stations . | . . . . . . Recycling Units . | . . . . . . Scanalyzers 7 | . . . . . 7 Garrison Access . | . . . . . . Terminal Hacks 12 | . 7 . 1 . 4 Record 1 | . . . 1 . . Robot Analysis 2 | . 2 . . . . Terminal Index 1 | . . . . . 1 Alert Level 2 | . 2 . . . . Unreport Threat 2 | . . . . . 2 Locate Traps 1 | . 1 . . . . Recall Reinforcements 1 | . . . . . 1 Hauler Manifests 1 | . 1 . . . . Zone Layout 1 | . 1 . . . . Fabricator Hacks . | . . . . . . Repair Station Hacks . | . . . . . . Recycling Unit Hacks . | . . . . . . Scanalyzer 6 | . . . . . 6 Insert Component 3 | . . . . . 3 Analyze 3 | . . . . . 3 Garrison Access Hacks . | . . . . . . Unauthorized Hacks 1 | . 1 . . . . Terminals 1 | . 1 . . . . Assimilate 1 | . 1 . . . . Fabricators . | . . . . . . Repair Stations . | . . . . . . Recycling Units . | . . . . . . Scanalyzers . | . . . . . . Garrison Access . | . . . . . . Data Cores Recovered . | . . . . . . Used . | . . . . . . Hacking Detections 12 | . 7 . . . 5 Full Trace Events 1 | . . . . . 1 Feedback Events . | . . . . . . Feedback Blocked . | . . . . . . Robot Schematics Acquired . | . . . . . . Robots Built . | . . . . . . Matter . | . . . . . . Time . | . . . . . . Total Robot Build Rating . | . . . . . . Part Schematics Acquired 3 | . . . . . 3 Parts Built . | . . . . . . Matter . | . . . . . . Time . | . . . . . . Total Part Build Rating . | . . . . . . Parts Repaired . | . . . . . . Time . | . . . . . . Parts Recycled . | . . . . . . Recycled Matter . | . . . . . . Retrieved Matter . | . . . . . . Retrieved Components . | . . . . . . Parts Scanalyzed 3 | . . . . . 3 Part Schematics Acquired 3 | . . . . . 3 Parts Damaged 1 | . . . . . 1 Bothacking | -11 -10 -10 -10 -9 -8 ------------ Run | Scr Mat Min Exi Min Mat Used RIF Installer . | . . . . . . Robots Hacked . | . . . . . . Non-combat . | . . . . . . Combat . | . . . . . . Robot Hacks Applied . | . . . . . . Relay Couplers Released . | . . . . . . Robots Rewired . | . . . . . . Allies Hacked . | . . . . . . Hacks Repelled . | . . . . . . Allies | -11 -10 -10 -10 -9 -8 -------- Run | Scr Mat Min Exi Min Mat Total Allies 3 | . 1 . . 2 . Largest Group 2 | . 1 . . 2 1 Highest-Rated Group 41 | . 10 . . 41 31 Highest-Rated Ally 31 | . 10 . . 31 31 Total Orders . | . . . . . . Ally Attacks 3 | . . . . 1 2 Total Damage 40 | . . . . 20 20 Kills 1 | . . . . 1 . Allies Corrupted . | . . . . . . Allies Melted . | . . . . . . Intel | -11 -10 -10 -10 -9 -8 ------- Run | Scr Mat Min Exi Min Mat Robot Analysis Total 2 | . 2 . . . . Derelict Logs Recovered 1 | . . . . 1 . Drone Launches . | . . . . . . Drone Recoveries . | . . . . . . Exploration | -11 -10 -10 -10 -9 -8 ------------- Run | Scr Mat Min Exi Min Mat Turns Passed 4203 | 16 793 326 280 1004 1784 Spaces Moved 2392 | 3 553 202 200 646 788 Core 1 | 1 . . . . . Treads 49 | . . . . . 49 Legs . | . . . . . . Wheels 2342 | 2 553 202 200 646 739 Hover . | . . . . . . Flight . | . . . . . . Fastest Speed 100 | 100 110 140 140 140 120 Average Speed 140 | 153 126 140 140 140 151 Slowest Speed 250 | 250 140 140 140 140 240 Overloaded Moves . | . . . . . . Propulsion Burnouts . | . . . . . . Robots Hopped . | . . . . . . Cave-ins Triggered 1 | . . . . . 1 Exploration Rate (%) 51 | 2 84 29 48 96 50 Regions Visited 5 Branch Regions 3 Pre-discovered Areas 2 | . . . 1 1 . Known Exits Taken . | . . . . . . Unknown Exits Taken 5 | 1 1 1 1 1 . Scrap Searched 2 | . . . . 2 . Spaces Dug 13 | . . . . . 13 Terrain Destroyed 144 | . . 21 . 78 45 Melee 3 | . . . . . 3 Projectile . | . . . . . . AOE 141 | . . 21 . 78 42 Terrain Rammed . | . . . . . . Walls Destroyed . | . . . . . . Machines Disabled . | . . . . . . Actions | -11 -10 -10 -10 -9 -8 --------- Run | Scr Mat Min Exi Min Mat Total 2900 | 10 627 228 200 710 1125 Wait 198 | . 30 10 . 29 129 Move 2387 | 2 552 201 199 645 788 Hop . | . . . . . . Pick Up 39 | . 14 2 1 2 20 Fast Attach 7 | 1 1 . . . 5 Attach 15 | 2 2 1 . 1 9 Detach 4 | . 3 1 . . . Swap 27 | 1 4 1 . 5 16 Drop 27 | 2 7 2 . 2 14 Fire 190 | 2 14 10 . 26 138 Melee 6 | . . . . . 6 Ram . | . . . . . . Kick . | . . . . . . Crush . | . . . . . . Escape Stasis . | . . . . . . Rewire . | . . . . . . Trap . | . . . . . . Miscellaneous . | . . . . . . Route ------- -11/Scrapyard -10/Materials (discovered 3 exits: [*Mat x2] / [*Min]) -10/Mines (discovered 2 exits: [*Mat] / *Exi) -10/Exiles -9/Mines (discovered 2 exits: *Mat x2) -8/Materials (discovered 2 exits: [*Fac] / [*Sto]) History --------- Turn | Location | Event 12 | -11/Scrapyard | Discovered new exit (range 3) 17 | -11/Scrapyard | Entered Materials 233 | -10/Materials | Discovered new exit (range 8) 285 | -10/Materials | Discovered new exit (range 15) 302 | -10/Materials | Build established: Mutant 642 | -10/Materials | Discovered new exit (range 16) 810 | -10/Materials | Entered Mines 834 | -10/Mines | Discovered new exit (range 11) 835 | -10/Mines | Build established: Hauler-Mutant 1123 | -10/Mines | Deemed a non-threat by the Exiles lab entrance 1125 | -10/Mines | Discovered new exit (range 5) 1136 | -10/Mines | Entered Exiles 1171 | -10/Exiles | Met 8R-AWN 1194 | -10/Exiles | Met EX-HEX 1248 | -10/Exiles | Met EX-DEC 1257 | -10/Exiles | Learned location of Zion (-6) 1396 | -10/Exiles | Discovered new exit (range 15) 1416 | -10/Exiles | Entered Mines 1539 | -9/Mines | Found a hidden stash of uninstalled traps 1620 | -9/Mines | Assembled infested the area 1625 | -9/Mines | Assisted by a Guerilla fighting off Assembled 1999 | -9/Mines | Discovered new exit (range 8) 2254 | -9/Mines | Found a damaged Exp. Sensor Array with a note attached 2256 | -9/Mines | Found Prototype Device 2403 | -9/Mines | Discovered new exit (range 12) 2420 | -9/Mines | Entered Materials 2420 | -8/Materials | Accompanied by 1 ally 2420 | -8/Materials | Evolved 4 slots: Propulsion x1, Utility x3 2425 | -8/Materials | Led the pair of lost Derelicts to an unsafe place 2552 | -8/Materials | Lost 3 parts (2p1n) 3074 | -8/Materials | Identified Exp. Sensor Array 3430 | -8/Materials | Discovered new exit (range 14) 3512 | -8/Materials | Garrison activated, responded to threat 4034 | -8/Materials | Discovered new exit (range 16) 4204 | -8/Materials | Crushed by falling debris 4204 | -8/Materials | Self-destructed Last Messages --------------- 04162_ T-07 Excavator is excavating. 04163_ U-05 Engineer lays Concrete. 04167_ T-07 Excavator is excavating. 04170_ U-05 Engineer lays Concrete. 04171_ T-07 Excavator is excavating. 04171_ U-05 Engineer lays Concrete. 04178_ T-07 Excavator is excavating. 04182_ U-05 Engineer builds a Wall. 04182_ T-07 Excavator is excavating. 04187_ U-05 Engineer lays Concrete. 04190_ T-07 Excavator is excavating. 04191_ U-05 Engineer builds a Wall. 04202_ U-05 Engineer lays Concrete. 04202_ U-05 Engineer forms the Earth. 04204_ The unstable cave ceiling collapses. 04204_ Crushed by falling debris. 04204_ Com. Wheel destroyed. 04204_ System corrupted by crushing effect (+5). 04204_ Imp. Heat Sink destroyed. 04204_ System corrupted by crushing effect (+4). Map ----- +----------------------------------------------------+ | # #?????????# !%/**%= +??????????? | | # +?????????# =*#*!!!! ##??????????? | | # #?????????######%|!!! #???????????? | | # #?????????????? !!! #???????????? | | ############???????????? ?????????? | | ?????????? ???????? | | ??????????# ??????? | | ??????????# #?????? | | ##+############ ???????????## #?????? | | #?????? #???????????# !! ! #?????? | | #?????? #???????????# !] ??????? | | #?????# #???????????# ### ??????? | | #?????# #???????????# #??######????????? | | #?????# #???????????# ?????????????????? | | ![ #?????# #########???# ?????????????????? | | [= #?????# # ???? ?????????????????? | | #####+#######?# # """"" #???????????????????????? | | * %[# ### #= """"" #???????????????????????? | | ! # T # # " """ #???????????????????????? | | = =# + + #???????????????????????? | | !*# # # """"" #???????????????????????? | | # # # """"" #???????????????????????? | | # # # """"" ????????????????????????? | | #### # !# # ?????????????????????????? | | ???# =!# * # ###########??????????????????????? | | ???# [ ###### # #######@#??????????????????????? | | ??## =##???# # u##??????????????????????? | | ??# ##### # ##??????????????????????? | | ??# # u ##??????????????????????? | | ??# ##??????????????????????? | | ??# ! # #???????????????????????? | | ??# [%= ###########??????????????????????? | | ??#####== """ #????????##??????????????????????? | | ??????#%/ """ #????????????????????????????????? | | ??????#=* "" #????????????????????????????????? | | ####### #????????????????????????????????? | | ## #????????????????????????????????? | | # #????????????????????????????????? | | # #????????????????????????????????? | | """ + "T" #????????????????????????????????? | | """ # #????????????????????????????????? | | """ # #????????????????????????????????? | | # ######????????????????????????????????? | | T""" # #?????????????????????????????????????? | | ###### #?????????????????????????????????????? | | ?????# #?????????????????????????????????????? | | ?????# #?????????????????????????????????????? | | ?????# #?????????????????????????????????????? | | ?????# #?????????????????????????????????????? | | ?????# #?????????????????????????????????????? | +----------------------------------------------------+ Best States ------------- Heat Dissipation 45 Energy Generation 14 Energy Capacity 280 Matter Stores 300 Matter Capacity 300 Sight Range 16 Terrain Scan Density 10 Armor Coverage 375 Evasion (%) 40 Recoil Reduction 2 Item Schematics ----------------- Hacking Suite | -8/Materials | Scanalyzed System Shield | -8/Materials | Scanalyzed Exp. Sensor Array | -8/Materials | Scanalyzed Robot Schematics ------------------ None Fabricated ------------ Nothing Alien Tech Used ----------------- None Achievements -------------- None Challenges ------------ None Game ------ Seed BlastPhaseThrusters Manual? 0 Play Time 00:31:47 Cumulative 67.6 hours Start 2020.11.05 @ 22:00:22 End 2020.11.05 @ 22:30:23 Sessions 1 Manual Loads 0 Difficulty Rogue Special Mode Halloween2020/ForbiddenLore Game No. 46 Rogue 46 Adventurer 0 Explorer 0 Win Type - Total 1 Types 1/0/0/0/0/0/0/0/0 Lore% 29 Gallery% 41 Achievement% 35 Wizard Run 0 Options --------- ASCII 1 Keyboard 1 Movement Vi Keybinds 0 Fullscreen 1 Font 16/Terminus Map View 75x55 Tactical HUD 1 Map Filters NONE Filters NONE Steam 1 RUN: 17403ba6-dd1c-4dc1-a366-356f7ac10365